 Dungeon Crawl Stone Soup version 0.20-a0-1039-gf554463 (webtiles) character file.

1011 schets the Chopper (level 8, -1/70 HPs)
             Began as a Hill Orc Fighter on Apr 22, 2017.
             Was an Initiate of Beogh.
             Slain by a killer bee (8 damage)
             ... on level 5 of the Dungeon.
             The game lasted 00:08:07 (4177 turns).

schets the Chopper (Hill Orc Fighter)               Turns: 4177, Time: 00:08:08

Health: -1/70      AC: 11    Str: 20    XL:     8   Next: 21%
Magic:  8/8        EV:  8    Int:  8    God:    Beogh [......]
Gold:   298        SH: 10    Dex: 15    Spells: 7/7 levels left

rFire    + . .     SeeInvis .   a - +0 war axe
rCold    . . .     Gourm    .   c - +0 shield
rNeg     . . .     Faith    .   m - +2 scale mail {rF+}
rPois    .         Spirit   .   e - +0 helmet
rElec    .         Reflect  .   w - +0 cloak
rCorr    .         Harm     .   (no gloves)
MR       +....                  (no boots)
Stlth    ..........             (no amulet)
Regen    0.3/turn               g - ring of protection from magic
MPRegen  0.2/turn               l - +4 ring of dexterity

@: lethally poisoned (-1 -> -2), drained
A: no striking features
a: Renounce Religion


You were on level 5 of the Dungeon.
You worshipped Beogh.
Beogh was noncommittal.
You were hungry.

You visited 1 branch of the dungeon, and saw 6 of its levels.

You collected 298 gold pieces.

Inventory:

Hand Weapons
 a - a +0 war axe (weapon)
Armour
 c - a +0 shield (worn)
 e - a +0 helmet (worn)
 m - a +2 scale mail of fire resistance (worn)
 w - a +0 cloak (worn)
Jewellery
 g - a ring of protection from magic (left hand)
 j - an uncursed ring of see invisible
 l - a +4 ring of dexterity (right hand)
 t - a +2 ring of intelligence {unknown}
 z - an uncursed amulet of the gourmand {unknown}
Scrolls
 b - 2 scrolls of teleportation {unknown}
 k - 2 scrolls of noise {unknown}
 r - a scroll of remove curse {unknown}
 v - a scroll of blinking {unknown}
 x - a scroll of random uselessness {unknown}
 y - a scroll of identify {unknown}
Potions
 d - a potion of might
 i - 2 potions of flight {unknown}
 n - a potion of brilliance {unknown}
 o - 2 potions of mutation {unknown}
 p - 2 potions of heal wounds {unknown}
 q - 3 potions of lignification {unknown}
 s - 2 potions of resistance {unknown}
 u - a potion of curing {unknown}
Comestibles
 f - 4 bread rations
 h - 7 fruits


   Skills:
 * Level 6.0(5.4) Fighting
 + Level 7.7(7.0) Axes
 * Level 6.0(5.4) Armour
 + Level 1.5(0.9) Dodging
 + Level 0.1(0.0) Stealth
 + Level 4.9(4.3) Shields


You had 7 spell levels left.
You didn't know any spells.

Dungeon Overview and Level Annotations

Branches:
Dungeon (6/15)
 Temple: D:4-7

Altars:
Dithmenos
Makhleb


Message History

The killer bee stings you but does no damage.
You block the killer bee's attack.
You closely miss the killer bee.
You feel sick. You block the killer bee's attack. x2
Your shield prevents you from hitting the killer bee.
You feel sick.
The killer bee stings you but does no damage.
The killer bee closely misses you. The killer bee stings you.
* * * LOW HITPOINT WARNING * * *
You slash the killer bee!
The killer bee is severely wounded.
The killer bee stings you but does no damage.
The killer bee stings you.
* * * LOW HITPOINT WARNING * * *
You miss the killer bee.
The killer bee is severely wounded.
You feel sick. The killer bee stings you.
* * * LOW HITPOINT WARNING * * *
The killer bee stings you!
You die...

..........##.###.##.###........#.
..........##..##.##.#.(........#.
..........###.......#.###########
..........# #.##.####.###########
..........# #..#.# #............
########### #..#.# #............
#....# #.......(.... #.#..#
#............ #.#y@#
#............
#.##.####.##...######
#.##.#....##...###
#############.##.#.....'...'.#
...........##.##.#######...#(#
...........##..........#...#.#
...........#####.####.....##.#
..............##.###......##.#
......................._..##.#


You could see a killer bee.

Vanquished Creatures
  Menkaure (D:4)
  Edmund (D:5)
  An ice beast (D:5)
  A sky beast (D:3)
  A phantom (D:5)
  An ogre (D:4)
  A howler monkey (D:4)
  A jelly (D:5)
  Terence (D:2)
  An orc wizard (D:4)
  6 worker ants
  4 gnolls
  2 adders
  An ooze (D:5)
  A worm (D:3)
  2 dart slugs
  6 leopard geckos
  10 orcs
  A ball python (D:1)
  8 bats
  10 giant cockroaches
  10 goblins
  7 hobgoblins
  4 quokkas
  8 frilled lizards
  3 kobolds
  3 rats
96 creatures vanquished.

Vanquished Creatures (others)
  2 orcs (D:4)
2 creatures vanquished.

Grand Total: 98 creatures vanquished

Notes
Turn   | Place    | Note
-------+----------+-------------------------------------------
     0 | D:1      | schets the Hill Orc Fighter began the quest for the Orb.
     0 | D:1      | Reached XP level 1. HP: 19/19 MP: 1/1
    27 | D:1      | Reached XP level 2. HP: 27/27 MP: 2/2
   152 | D:1      | Reached skill level 3 in Axes
   220 | D:1      | Reached XP level 3. HP: 30/33 MP: 3/3
   641 | D:2      | Noticed Terence
   653 | D:2      | Killed Terence
   653 | D:2      | Reached skill level 4 in Axes
   653 | D:2      | Reached XP level 4. HP: 40/40 MP: 4/4
  1318 | D:3      | Noticed a sky beast
  1329 | D:3      | Killed a sky beast
  1329 | D:3      | Reached skill level 5 in Axes
  1329 | D:3      | Reached XP level 5. HP: 40/47 MP: 5/5
  1833 | D:4      | Reached XP level 6. HP: 53/53 MP: 6/6
  1849 | D:4      | Reached skill level 1 in Dodging
  1914 | D:4      | Reached skill level 5 in Fighting
  1914 | D:4      | Reached skill level 6 in Axes
  2074 | D:4      | Noticed Menkaure
  2329 | D:4      | Killed Menkaure
  2329 | D:4      | Reached skill level 5 in Armour
  2329 | D:4      | Reached XP level 7. HP: 58/61 MP: 7/7
  2575 | D:4      | Became a worshipper of Beogh the Brigand
  2877 | D:5      | Entered Level 5 of the Dungeon
  2877 | D:5      | Noticed Edmund
  3137 | D:5      | Killed Edmund
  3137 | D:5      | Reached skill level 7 in Axes
  3361 | D:5      | Found a shadowy altar of Dithmenos.
  3399 | D:5      | Reached XP level 8. HP: 54/70 MP: 8/8
  3556 | D:5      | Found a burning altar of Makhleb.
  4177 | D:5      | Slain by a killer bee

Vault maps used:
D:1:      dpeg_arrival_oval, minmay_close_crescents
D:2:      uniq_terence
D:3:      serial_co_window_serial, co_window_paths_a, co_window_corner_a,
          co_window_paths_a, co_window_paths_a, co_window_corner_a,
          co_window_2corner, co_window_cross_3, co_window_broadway_b,
          co_window_paths_d
D:4:      uniq_menkaure
D:5:      nicolae_dithmenos_through_a_glass_darkly, basic_altar, first_bread,
          uniq_edmund
D:6:      lemuel_zombie_altar_yredelemnul, serial_shops, shop,
          nicolae_shop_statue_plus, nicolae_shop_waterfront,
          makhleb_blood_cavern_becter

Skill      XL: |  1  2  3  4  5  6  7  8 |
---------------+-------------------------+-----
Axes           | 3 4 5 6 7 |  7.7
Fighting       | 4 5 6 |  6.0
Armour         | 4 5 6 |  6.0
Shields        | 4 |  4.9
Dodging        | 1 |  1.5
Stealth        | |  0.1

Action                   |  1- 3 |  4- 6 |  7- 9 || total
-------------------------+-------+-------+-------++-------
Melee: War axe           |    95 |   107 |   125 ||   327
Invok: Convert to Beogh  |       |       |     1 ||     1
  Use: Potion            |       |     1 |       ||     1
  Eat: Chunk             |       |     4 |     1 ||     5
       Meat ration       |       |     1 |       ||     1
Armor: Scale mail        |    56 |    51 |    52 ||   159
Dodge: Dodged            |    26 |    25 |    38 ||    89
Block: Shield            |    53 |    54 |    76 ||   183
